 Dungeon Crawl Stone Soup version 0.20.1-1-g8b1a95d (console) character file.

53 bli the Skirmisher (level 4, -5/37 HPs)
             Began as a Formicid Monk on Aug 12, 2017.
             Slain by a gnoll
             ... wielding a +0 halberd
              (7 damage)
             ... on level 2 of the Dungeon.
             The game lasted 00:06:23 (1121 turns).

bli the Skirmisher (Formicid Monk)                  Turns: 1121, Time: 00:06:24

Health: -5/37      AC:  3    Str: 16    XL:     4   Next: 10%
Magic:  4/4        EV: 10    Int: 10    God:
Gold:   98         SH:  8    Dex: 13    Spells: 3/3 levels left

rFire    . . .     SeeInvis +   a - +0 spear
rCold    . . .     Gourm    .   e - +0 shield
rNeg     . . .     Faith    .   r - +0 leather armour
rPois    .         Spirit   .   (helmet unavailable)
rElec    .         Reflect  .   (no cloak)
rCorr    .         Harm     .   (no gloves)
MR       .....                  (no boots)
Stlth    ++........             (no amulet)
Regen    0.2/turn               (no ring)
MPRegen  0.1/turn               (no ring)

@: no status effects
A: permanent stasis, dig shafts and tunnels, four strong arms, antennae 3
a: Dig, Shaft Self


You were on level 2 of the Dungeon.
You were not hungry.

You visited 1 branch of the dungeon, and saw 2 of its levels.

You collected 98 gold pieces.

Inventory:

Hand Weapons
 a - a +0 spear (weapon)
Missiles
 h - 21 stones (quivered)
Armour
 b - a +0 robe
 d - a +0 ring mail
 e - a +0 shield (worn)
 m - a cursed +0 large shield
 r - a +0 leather armour (worn)
Scrolls
 f - 2 scrolls of enchant weapon {unknown}
 j - 2 scrolls of remove curse {unknown}
 k - a scroll of immolation {unknown}
 n - a scroll of fear {unknown}
 p - 2 scrolls of teleportation {unknown}
 s - a scroll of magic mapping {unknown}
Potions
 i - a potion of flight {unknown}
 l - a potion of invisibility {unknown}
 q - a potion of lignification {unknown}
 t - a potion of heal wounds {unknown}
Comestibles
 c - 2 bread rations
 g - 3 chunks of flesh
 o - a royal jelly


   Skills:
 * Level 3.7 Fighting
 + Level 3.3 Polearms
 + Level 3.0 Dodging
 + Level 3.3 Stealth
 * Level 1.6 Shields


You had 3 spell levels left.
You didn't know any spells.

Dungeon Overview and Level Annotations

Branches:
Dungeon (2/15)

Altars:

Annotations:
D:1 1 runed door


Innate Abilities, Weirdness & Mutations

You cannot be hasted, slowed, berserked, paralysed or teleported.
You can dig through walls and to a lower floor.
Your four strong arms can wield two-handed weapons with a shield.
You have a pair of large antennae on your head. (SInv)


Message History

Attack whom?
Press: ? - help, Dir - move target cursor, f - gnoll
Aim: a gnoll, wielding a halberd (moderately wounded)
You reach to attack!
You closely miss the gnoll.
The gnoll is moderately wounded.
The gnoll hits you from afar with a halberd.
* * * LOW HITPOINT WARNING * * *
Attack whom?
Press: ? - help, Dir - move target cursor, f/p - gnoll
Aim: a gnoll, wielding a halberd (moderately wounded)
You reach to attack!
You barely miss the gnoll.
The gnoll is moderately wounded.
You block the gnoll's attack.
Attack whom?
Press: ? - help, Dir - move target cursor, f/p - gnoll
Aim: a gnoll, wielding a halberd (moderately wounded)
You reach to attack!
You hit the gnoll.
The gnoll is severely wounded.
The gnoll hits you from afar with a halberd!
You die...

..# #.#....# #[# #.#
#.#.#..#########.# #.#
#.#.#.>..........# #.#
#.#.##############
#######.###...........
..............#######.
######.####### #[# {
#.# #.###########
#...[...@.g.#
#################.#
#....)....รท....g..#
##.################
#.# #g# #.# { #.# #.#
#.# #.#


You could see a gnoll.

Vanquished Creatures
  2 gnolls (D:2)
  2 leopard geckos (D:1)
  3 giant cockroaches
  4 goblins
  3 hobgoblins (D:1)
  5 bats
  2 frilled lizards (D:1)
  3 kobolds (D:1)
  8 rats (D:1)
32 creatures vanquished.

Notes
Turn   | Place    | Note
-------+----------+-------------------------------------------
     0 | D:1      | bli the Formicid Monk began the quest for the Orb.
     0 | D:1      | Reached XP level 1. HP: 18/18 MP: 1/1
     1 | D:1      | Found a runed door.
   160 | D:1      | Reached XP level 2. HP: 22/24 MP: 2/2
   183 | D:1      | Reached skill level 1 in Shields
   439 | D:1      | Reached XP level 3. HP: 28/29 MP: 3/3
  1114 | D:2      | Reached XP level 4. HP: 6/37 MP: 4/4
  1121 | D:2      | Slain by a gnoll

Skill      XL: |  1  2  3 |
---------------+----------+-----
Shields        | 1 |  1.6
Dodging        | 3 |  3.0
Stealth        | 3 |  3.3
Fighting       | |  3.7
Polearms       | |  3.3

Action                   |  1- 3 |  4- 6 || total
-------------------------+-------+-------++-------
Melee: Spear             |   120 |     3 ||   123
 Abil: Dig               |     1 |       ||     1
 Stab: Sleeping          |     8 |       ||     8
       Distracted        |     1 |       ||     1
  Eat: Chunk             |     1 |       ||     1
Armor: Robe              |     8 |       ||     8
       Leather armour    |     7 |       ||     7
Dodge: Dodged            |    29 |       ||    29
Block: Shield            |    37 |     1 ||    38
